[Event "Titled Tuesday Blitz March 08 Early 2022"]
[White "Demchenko, Anton"]
[Black "Maevsky, Nikolay"]
[WhiteFideId "4160258"]
[BlackFideId "4198220"]
[WhiteElo "2539"]
[BlackElo "2126"]
[Result "1-0"]
[Round "07"]
[TimeControl "180+1"]
[Date "2022.03.08"]
[WhiteClock "0:00:20"]
[BlackClock "0:00:08"]

1. e4 c6 2. d4 d5 3. e5 Bf5 4. Bd3 Bxd3 5. Qxd3 e6 6. Ne2 Qa5+ 7. c3 Qa6 8. Qd1 Ne7 9. O-O Nd7 10. Ng3 c5 11. Be3 Nc6 12. Nd2 g6 13. Nf3 cxd4 14. cxd4 Qb6 15. Qe2 Bg7 16. h4 h5 17. Rfd1 a5 18. Ng5 Ne7 19. Rac1 a4 20. Rc2 Nb8 21. Qf3 O-O 22. Nxh5 Nf5 23. Nxg7 Kxg7 24. g4 Nxe3 25. fxe3 Nd7 26. Rdc1 Qd8 27. Rc7 Rb8 28. Qf4 Qe7 29. a3 Rh8 30. Qf6+ Nxf6 31. Rxe7 Nxg4 32. Rxf7+ Kh6 33. Rcc7 Kh5 34. Rh7+ Rxh7 35. Rxh7+ Nh6 36. Nf7 Kxh4 37. Rxh6+ Kg3 38. Rxg6+ Kf3 39. Rxe6 Kxe3 40. Rb6 Kxd4 41. e6 Re8 42. Kf2 Kc5 43. Rd6 Re7 44. Kf3 b5 45. Kf4 b4 46. Ke5 bxa3 47. bxa3 Kc4 48. Rxd5 Kb3 49. Rd3+ Kc2 50. Rd7 Re8 51. e7 Kb3 52. Nd6 Rxe7+ 53. Rxe7 Kxa3 54. Rb7 Ka2 55. Kd4 a3 56. Nc4 Ka1 57. Nxa3 Ka2 58. Nc4 Ka1 59. Kc3 Ka2 60. Kc2 Ka1 61. Ra7# 1-0


[Site "https://www.chess.com"]

[Event "Titled Tuesday Blitz March 08 Early 2022"]
[White "Demin, Vladimir"]
[Black "Politov, Pavel Y."]
[WhiteFideId "4167457"]
[BlackFideId "24110515"]
[WhiteElo "2516"]
[BlackElo "2090"]
[Result "1-0"]
[Round "07"]
[TimeControl "180+1"]
[Date "2022.03.09"]
[WhiteClock "0:01:13"]
[BlackClock "0:00:01"]

1. d4 d5 2. Bf4 Nf6 3. Nc3 e6 4. e3 a6 5. g4 c5 6. g5 Ne4 7. Nxe4 dxe4 8. dxc5 Qxd1+ 9. Rxd1 f5 10. gxf6 gxf6 11. Bd6 Nd7 12. b4 a5 13. a3 axb4 14. axb4 Ra2 15. Ne2 Rxc2 16. Nd4 Rb2 17. Nxe6 Rxb4 18. Bh3 Bxd6 19. cxd6 Ne5 20. O-O Rg8+ 21. Kh1 Bxe6 22. Bxe6 Rg7 23. Ra1 Nc6 24. Rg1 Rxg1+ 25. Rxg1 Kf8 26. Rg8# 1-0


[Site "https://www.chess.com"]

[Event "Titled Tuesday Blitz March 08 Early 2022"]
[White "Derige Kane, Yan"]
[Black "Costachi, Mihnea"]
[WhiteFideId "20665431"]
[BlackFideId "1217518"]
[WhiteElo "2169"]
[BlackElo "2464"]
[Result "0-1"]
[Round "07"]
[TimeControl "180+1"]
[Date "2022.03.09"]
[WhiteClock "0:00:18"]
[BlackClock "0:00:20"]

1. d4 d5 2. c4 e6 3. Nc3 a6 4. cxd5 exd5 5. Nf3 Nf6 6. Bg5 Be6 7. Bxf6 Qxf6 8. Qb3 Ra7 9. g3 Qd8 10. Bg2 Be7 11. O-O O-O 12. Rad1 c6 13. Rfe1 Nd7 14. Qc2 Ra8 15. Ne5 Nxe5 16. dxe5 Qb6 17. Na4 Qa5 18. e4 dxe4 19. Bxe4 g6 20. a3 b5 21. Nc5 Qb6 22. Nxe6 fxe6 23. Qxc6 Qxf2+ 24. Kh1 Kh8 25. Qxe6 Rae8 26. Rf1 Qe3 27. Bc6 Bc5 28. Qd7 Rd8 29. Qxd8 Rxd8 30. Rxd8+ Kg7 31. b4 Bb6 32. Rd7+ Kh6 33. Rdd1 Qxe5 34. Bg2 Qb2 35. Rd3 Qe2 36. Rdf3 a5 37. bxa5 Bxa5 38. R1f2 Qe1+ 39. Rf1 Qe2 40. R1f2 Qd1+ 41. Rf1 Qd2 42. R1f2 Qc1+ 43. Rf1 Qc2 44. R1f2 Qc1+ 45. Rf1 Qc5 46. h3 Bc7 47. Kh2 Bd6 48. Rd1 Qe5 49. Rb1 Qe2 50. Rbb3 Kg7 51. Rbe3 Qb2 52. Rb3 Qe5 53. Rbe3 Qg5 54. Rd3 Qc5 55. Rc3 Qb6 56. Rcd3 h5 57. h4 Qc5 58. Rfe3 Kh6 59. Re6 Bb8 60. Be4 Qf2+ 61. Kh3 Qf1+ 62. Kh2 Qe2+ 63. Kh3 Qg4+ 64. Kh2 Qxe6 65. Bg2 Qc4 0-1


[Site "https://www.chess.com"]

[Event "Titled Tuesday Blitz March 08 Early 2022"]
[White "Devaev, Alexander"]
[Black "Kuderinov, Kirill"]
[WhiteFideId "4169395"]
[BlackFideId "13701568"]
[WhiteElo "2185"]
[BlackElo "2432"]
[Result "0-1"]
[Round "07"]
[TimeControl "180+1"]
[Date "2022.03.09"]
[WhiteClock "0:00:39"]
[BlackClock "0:01:28"]

1. Nf3 Nf6 2. c4 g6 3. Nc3 Bg7 4. d4 O-O 5. e4 d6 6. h3 Nbd7 7. Bg5 c5 8. d5 a6 9. a4 h6 10. Be3 Qa5 11. Qd2 Kh7 12. Bd3 b5 13. cxb5 axb5 14. Bxb5 Ba6 15. O-O-O Bxb5 16. axb5 Rfb8 17. Kc2 Nxe4 18. Nxe4 Qa4+ 19. b3 Qxe4+ 20. Qd3 Ra2+ 21. Kc1 Qxd3 22. Rxd3 Ra1+ 0-1


[Site "https://www.chess.com"]

[Event "Titled Tuesday Blitz March 08 Early 2022"]
[White "Donchenko, Alexander"]
[Black "Jary, Sergey"]
[WhiteFideId "24603295"]
[BlackFideId "14110350"]
[WhiteElo "2539"]
[BlackElo "2260"]
[Result "1/2-1/2"]
[Round "07"]
[TimeControl "180+1"]
[Date "2022.03.08"]
[WhiteClock "0:00:03"]
[BlackClock "0:00:18"]

1. e4 c5 2. Nf3 Nc6 3. Nc3 g6 4. Bb5 Bg7 5. Bxc6 bxc6 6. O-O d5 7. Re1 Bg4 8. h3 Bxf3 9. Qxf3 Nf6 10. d3 O-O 11. Bg5 h6 12. Bh4 Re8 13. exd5 Nxd5 14. Ne4 f5 15. Nxc5 Qa5 16. Nb3 Qc7 17. c3 e5 18. Qe2 Kh7 19. f3 a5 20. Nc5 Qd6 21. Bf2 Nf4 22. Qc2 Rab8 23. a3 Bf8 24. b4 Qd5 25. c4 Qd6 26. Qc3 Bg7 27. Rad1 axb4 28. axb4 e4 29. d4 g5 30. fxe4 fxe4 31. Nxe4 Qg6 32. Qf3 Rxb4 33. Bg3 Rxc4 34. Bxf4 Bxd4+ 35. Kh1 gxf4 36. Qxf4 Rc2 37. Qf3 Bg7 38. Nf6+ Bxf6 39. Rxe8 Qxe8 40. Qxf6 Rxg2 41. Rd8 Rg6 42. Rxe8 Rxf6 43. Kg2 Kg6 44. Rc8 Rd6 45. Kf3 Kf5 46. Ke3 Ke5 47. Rf8 Kd5 48. Kd3 c5 49. Rf4 Ke5+ 50. Ke3 Rd1 51. Rh4 Rd6 52. Rh5+ Ke6 53. Rxc5 Kf6 54. Kf3 Kg6 55. Kg4 Rd4+ 1/2-1/2


[Site "https://www.chess.com"]

[Event "Titled Tuesday Blitz March 08 Early 2022"]
[White "Dwilewicz, Katarzyna"]
[Black "Gracia Alvarez, Gerardo Antonio"]
[WhiteFideId "1148486"]
[BlackFideId "5109124"]
[WhiteElo "1907"]
[BlackElo "2139"]
[Result "0-1"]
[Round "07"]
[TimeControl "180+1"]
[Date "2022.03.09"]
[WhiteClock "0:00:03"]
[BlackClock "0:00:53"]

1. e4 c5 2. Nf3 Nc6 3. d4 cxd4 4. Nxd4 Nf6 5. Nc3 e5 6. Ndb5 h6 7. Nd5 Nxd5 8. exd5 a6 9. dxc6 axb5 10. cxd7+ Bxd7 11. Be2 Bc6 12. O-O Qxd1 13. Rxd1 Bc5 14. Bd2 b4 15. Bc4 Ke7 16. Kf1 Rhd8 17. f3 f5 18. Ke2 g5 19. Be3 b6 20. Bd3 Kf6 21. Bc4 h5 22. Rxd8 Rxd8 23. Bxc5 bxc5 24. a4 g4 25. a5 gxf3+ 26. gxf3 Rd4 27. b3 Rh4 28. a6 Rxh2+ 29. Ke3 f4+ 30. Kd3 Bxf3 31. Bb5 Be2+ 32. Ke4 Bxb5 33. a7 Bc6+ 34. Kd3 Bd5 35. Ra6+ Kf5 36. Rd6 e4# 0-1


[Site "https://www.chess.com"]

[Event "Titled Tuesday Blitz March 08 Early 2022"]
[White "Einarsson, Halldor Gretar"]
[Black "Tarasova, Viktoriya"]
[WhiteFideId "2300150"]
[BlackFideId "4175840"]
[WhiteElo "2114"]
[BlackElo "2182"]
[Result "1-0"]
[Round "07"]
[TimeControl "180+1"]
[Date "2022.03.09"]
[WhiteClock "0:00:30"]
[BlackClock "0:01:13"]

1. d4 Nf6 2. c4 e6 3. Nf3 b6 4. g3 Ba6 5. Qc2 c5 6. d5 Bb7 7. e4 exd5 8. cxd5 d6 9. Bg2 Be7 10. O-O O-O 11. Nc3 a6 12. h4 h6 13. e5 dxe5 14. Nxe5 Bd6 15. Nc4 b5 16. Nxd6 Qxd6 17. Bf4 Qd7 18. Rad1 b4 19. Na4 Rc8 20. Nb6 Qb5 21. Nxc8 Bxc8 22. d6 Ra7 23. Rfe1 Bb7 24. Re7 Nbd7 25. Bf1 Qc6 26. f3 Qxf3 27. Bg2 Qg4 28. Qb3 c4 29. Qc2 Nh5 30. Re8+ Nf8 31. d7 b3 32. Rxf8+ Kxf8 33. d8=Q# 1-0


[Site "https://www.chess.com"]

[Event "Titled Tuesday Blitz March 08 Early 2022"]
[White "Ezat, Mohamed"]
[Black "Jakubowska, Anna"]
[WhiteFideId "10600906"]
[BlackFideId "1121952"]
[WhiteElo "2386"]
[BlackElo "1924"]
[Result "1/2-1/2"]
[Round "07"]
[TimeControl "180+1"]
[Date "2022.03.09"]
[WhiteClock "0:00:39"]
[BlackClock "0:00:12"]

1. d4 d5 2. c4 c6 3. Nc3 Nf6 4. cxd5 cxd5 5. Bf4 a6 6. e3 Nc6 7. Bd3 g6 8. h3 Bg7 9. Nf3 O-O 10. Rc1 Bf5 11. Bxf5 gxf5 12. g4 Qd7 13. Ne5 Nxe5 14. dxe5 Ne4 15. Qxd5 Qc8 16. gxf5 Nxc3 17. Rxc3 Qxf5 18. Qd3 Qe6 19. Qc4 Qf5 20. e6 Bxc3+ 21. Qxc3 f6 22. Rg1+ Kh8 23. Rg3 Rac8 24. Qb3 Rfd8 25. Kf1 Qb1+ 26. Kg2 Rc1 27. Kf3 Rf1 28. Rg2 Qf5 29. Ke2 Rc1 30. Qxb7 Rc2+ 31. Kf3 Qxh3+ 32. Bg3 Qf5+ 33. Bf4 Qh3+ 34. Rg3 Qh1+ 35. Rg2 Qh5+ 36. Rg4 Qh1+ 37. Rg2 Qh3+ 1/2-1/2


[Site "https://www.chess.com"]

[Event "Titled Tuesday Blitz March 08 Early 2022"]
[White "Fajdetic, Hrvoje"]
[Black "Aggelis, Nikolaos"]
[WhiteFideId "14501945"]
[BlackFideId "4213220"]
[WhiteElo "2172"]
[BlackElo "2154"]
[Result "1/2-1/2"]
[Round "07"]
[TimeControl "180+1"]
[Date "2022.03.09"]
[WhiteClock "0:00:08"]
[BlackClock "0:00:54"]

1. d4 Nf6 2. Bf4 d5 3. e3 c5 4. Nc3 Nc6 5. Nb5 e5 6. dxe5 a6 7. Nc3 Ne4 8. Nxe4 dxe4 9. Qxd8+ Kxd8 10. Ne2 Be7 11. h4 Bf5 12. Ng3 Be6 13. Nxe4 Kc7 14. O-O-O Rad8 15. Nd6 Nxe5 16. Nxf7 Rxd1+ 17. Kxd1 Bxf7 18. Bxe5+ Kc6 19. Be2 Bxa2 20. b3 b5 21. Bf3+ Kb6 22. Kc1 c4 23. Kb2 cxb3 24. cxb3 Rd8 25. Bd4+ Bc5 26. Bxc5+ Kxc5 27. Rc1+ Kb4 28. Rd1 Rc8 29. Rd4+ Ka5 30. b4+ Kb6 31. Rd6+ Ka7 32. Kxa2 Rc2+ 33. Kb3 Rxf2 34. Rd7+ Kb8 35. Rxg7 h6 36. Kc3 Rf1 37. Kd4 Rc1 38. Rh7 Rc4+ 39. Kd5 Rxh4 40. Rxh6 Rxh6 41. g4 Kc7 42. Be4 Rh3 43. g5 Rxe3 44. g6 Rg3 45. Ke5 Kb6 46. Kf6 a5 47. bxa5+ Kxa5 48. g7 Rxg7 49. Kxg7 Kb4 50. Kf6 Kc3 51. Ke5 b4 52. Bd5 b3 53. Bxb3 1/2-1/2


[Site "https://www.chess.com"]

[Event "Titled Tuesday Blitz March 08 Early 2022"]
[White "Fathy, Elameir"]
[Black "Batsiashvili, Nino"]
[WhiteFideId "10600396"]
[BlackFideId "13602993"]
[WhiteElo "2311"]
[BlackElo "2192"]
[Result "1/2-1/2"]
[Round "07"]
[TimeControl "180+1"]
[Date "2022.03.09"]
[WhiteClock "0:00:16"]
[BlackClock "0:00:20"]

1. d4 f5 2. c4 Nf6 3. Nf3 g6 4. g3 Bg7 5. Bg2 O-O 6. O-O d6 7. Nc3 Nc6 8. Re1 e5 9. dxe5 dxe5 10. Qxd8 Rxd8 11. e4 fxe4 12. Nxe4 Nxe4 13. Rxe4 Bf5 14. Re1 Nb4 15. Bg5 Nc2 16. Bxd8 Nxe1 17. Bxc7 Nxf3+ 18. Bxf3 e4 19. Be2 Bxb2 20. Rb1 Bd4 21. Rxb7 e3 22. fxe3 Bxe3+ 23. Kf1 Be4 24. Rb8+ Rxb8 25. Bxb8 Kf7 26. Bf4 Bc5 27. Ke1 Ke6 28. Kd2 Bb4+ 29. Kc1 Bc3 30. Bd2 Bd4 31. Bb4 h5 32. Kd2 Bg1 33. h3 Bf2 34. g4 h4 35. Bd3 Bg2 36. Bxg6 Bxh3 37. Bf5+ Ke5 38. Bc3+ Bd4 39. Bxd4+ Kxd4 40. Be6 Bg2 41. g5 h3 42. Bxh3 Bxh3 43. g6 Be6 44. g7 Bxc4 45. Kc2 a5 46. a3 Bg8 47. Kb2 Kc4 48. Ka1 Kb3 49. Kb1 Kxa3 50. Ka1 a4 51. Kb1 Kb3 52. Ka1 Ka3 53. Kb1 Kb4 54. Ka1 a3 55. Kb1 a2+ 56. Ka1 Ka3 1/2-1/2


[Site "https://www.chess.com"]

[Event "Titled Tuesday Blitz March 08 Early 2022"]
[White "Fernandez Siles, Luis"]
[Black "Kanyamarala, Tarun"]
[WhiteFideId "2209420"]
[BlackFideId "45004714"]
[WhiteElo "2212"]
[BlackElo "2075"]
[Result "1/2-1/2"]
[Round "07"]
[TimeControl "180+1"]
[Date "2022.03.09"]
[WhiteClock "0:00:09"]
[BlackClock "0:00:06"]

1. e4 c5 2. Nf3 Nf6 3. e5 Nd5 4. c3 Nc6 5. d4 cxd4 6. cxd4 d6 7. Bc4 dxe5 8. dxe5 Be6 9. O-O g6 10. Qe2 Bg7 11. Rd1 O-O 12. Bd2 Qb6 13. Nc3 Nxc3 14. Bxc3 Bxc4 15. Qxc4 e6 16. Qh4 h6 17. Bd2 Qxb2 18. Rab1 Qc2 19. Bxh6 Rad8 20. Rdc1 Qf5 21. Rxb7 Nxe5 22. Ng5 Bf6 23. Bg7 Nf3+ 24. gxf3 Qxg5+ 25. Qxg5 Bxg5 26. Bxf8 Bxc1 27. Be7 Ra8 28. a4 a6 29. Bf6 Bh6 30. Kg2 Bg7 31. Bxg7 Kxg7 32. Kg3 Kf6 33. Kf4 Rh8 34. Kg3 Rh5 35. Rb6 Ra5 36. Rb4 Ke5 37. f4+ Kd5 38. Kg4 Kc5 39. Rb2 Rxa4 40. Kg5 Kd6 41. Rb7 f6+ 42. Kxg6 Rxf4 43. Rb6+ Ke5 44. Rxa6 Rxf2 45. h4 Rg2+ 46. Kf7 Rh2 47. Rxe6+ Kd5 48. Rxf6 Rxh4 49. Rf5+ Ke4 50. Rf6 Rf4 51. Rxf4+ Kxf4 1/2-1/2


[Site "https://www.chess.com"]

[Event "Titled Tuesday Blitz March 08 Early 2022"]
[White "Fier, Alexandr"]
[Black "Paravyan, David"]
[WhiteFideId "2107139"]
[BlackFideId "4194985"]
[WhiteElo "2571"]
[BlackElo "2569"]
[Result "0-1"]
[Round "07"]
[TimeControl "180+1"]
[Date "2022.03.08"]
[WhiteClock "0:00:16"]
[BlackClock "0:00:05"]

1. d4 Nf6 2. Bg5 d5 3. e3 c5 4. Bxf6 gxf6 5. Nc3 e6 6. Qh5 Nc6 7. Nf3 Bd7 8. Bb5 a6 9. Bxc6 Bxc6 10. O-O Qc7 11. Rad1 O-O-O 12. Rfe1 Kb8 13. a3 Bd6 14. g3 Rhe8 15. Qh6 Qe7 16. Ne2 Rc8 17. c3 e5 18. Nh4 Qe6 19. Qh5 Rg8 20. Qf5 Rg5 21. Qxe6 fxe6 22. f4 Rg4 23. Nf3 e4 24. Nd2 c4 25. Kf2 h5 26. h4 Ba4 27. Rc1 Rc6 28. Ra1 Rb6 29. Ra2 Rg8 30. Rg1 f5 31. Re1 Rb5 32. Ng1 Kc7 33. Nh3 Kd7 34. Nf1 Rc8 35. Re2 Rc6 36. Rd2 Rcb6 37. Ke1 Ke7 38. Nf2 Kf6 39. Nd1 Bb3 40. Ra1 Bxd1 41. Kxd1 Rxb2 42. Rxb2 Rxb2 43. Nd2 Rb5 44. Kc2 Ra5 45. Kb2 Ra4 46. Ra2 b5 47. Nb1 a5 48. Ra1 Ke7 49. Ra2 Kd7 50. Ra1 Kc6 51. Ra2 b4 52. Ra1 Kb5 53. Ra2 Kb6 54. Ra1 Kc6 55. Ra2 Kb5 56. Ra1 Ka6 57. Ra2 Kb7 58. Ra1 Kc6 59. Ra2 bxa3+ 60. Kc2 Kb5 61. Nd2 Kb6 62. Nb1 Kc6 63. Nd2 Kb7 64. Nb1 Ka6 65. Nd2 Kb6 66. Nb1 Kb5 67. Nd2 Rb4 68. cxb4 axb4 69. Ra1 Ka4 70. Nb1 b3+ 71. Kd1 b2 72. Rxa3+ Bxa3 73. Kc2 Kb4 74. Nc3 Ka5 75. Nb1 Ka4 76. Nc3+ Ka5 77. Nb1 Bb4 78. Kxb2 Be1 0-1


[Site "https://www.chess.com"]

[Event "Titled Tuesday Blitz March 08 Early 2022"]
[White "Fus, Jakub"]
[Black "Chernomordik, Pavel"]
[WhiteFideId "1193023"]
[BlackFideId "2804530"]
[WhiteElo "2111"]
[BlackElo "2249"]
[Result "0-1"]
[Round "07"]
[TimeControl "180+1"]
[Date "2022.03.09"]
[WhiteClock "0:00:07"]
[BlackClock "0:00:02"]

1. Nf3 g6 2. d4 Bg7 3. b3 d6 4. Bb2 Nf6 5. e3 O-O 6. Be2 a5 7. a3 c6 8. O-O b5 9. a4 b4 10. Nbd2 Nbd7 11. e4 c5 12. d5 e6 13. dxe6 fxe6 14. h3 Bb7 15. e5 Ne4 16. Nxe4 Bxe4 17. Qxd6 Bxc2 18. Qxe6+ Kh8 19. Rac1 Bf5 20. Qd5 Qe7 21. Rfd1 Rad8 22. Qb7 Qe6 23. Bc4 Qe8 24. Bb5 Qe6 25. Ba1 Nxe5 26. Nxe5 Rxd1+ 27. Rxd1 Bxe5 28. Re1 Bxa1 29. Rxe6 Bxe6 30. Qe7 Rf6 31. Qxc5 Bxb3 32. Qc8+ Kg7 33. Qc7+ Bf7 34. Qxa5 b3 35. Bd3 Bd4 36. Qb4 Bxf2+ 37. Kh2 h5 38. h4 Be3 39. a5 Rf4 40. Qc3+ Bd4 41. Qe1 b2 42. a6 Rf6 43. Qa5 Rd6 44. a7 Bxa7 45. Qxa7 Rxd3 46. Qb8 Rb3 47. Qe5+ Kg8 0-1


[Site "https://www.chess.com"]

[Event "Titled Tuesday Blitz March 08 Early 2022"]
[White "Garriga Cazorla, Pere"]
[Black "Agasarov, Benik"]
[WhiteFideId "32011601"]
[BlackFideId "13314823"]
[WhiteElo "2458"]
[BlackElo "2576"]
[Result "1-0"]
[Round "07"]
[TimeControl "180+1"]
[Date "2022.03.09"]
[WhiteClock "0:01:18"]
[BlackClock "0:01:40"]

1. d4 Nf6 2. c4 e6 3. Nc3 Bb4 4. Qc2 d5 5. cxd5 exd5 6. Bg5 c5 7. dxc5 h6 8. Bh4 g5 9. Bg3 Ne4 10. e3 Qa5 11. Be5 O-O 12. Bd3 Nc6 13. Bxe4 Nxe5 14. Bxd5 Qxc5 15. Bb3 Bf5 16. Qxf5 Bxc3+ 17. Kf1 Bxb2 18. Rb1 Rad8 19. h4 Bc1 20. hxg5 Qc4+ 21. Bxc4 Rd1+ 22. Ke2 Rfd8 23. Qxe5 1-0


[Site "https://www.chess.com"]

[Event "Titled Tuesday Blitz March 08 Early 2022"]
[White "Gatterer, Florian"]
[Black "Hartikainen, Jarmo"]
[WhiteFideId "811688"]
[BlackFideId "503134"]
[WhiteElo "2218"]
[BlackElo "2107"]
[Result "1-0"]
[Round "07"]
[TimeControl "180+1"]
[Date "2022.03.09"]
[WhiteClock "0:00:34"]
[BlackClock "0:00:12"]

1. b3 g6 2. Bb2 Nf6 3. c4 Bg7 4. Nf3 O-O 5. g3 d6 6. d4 e5 7. dxe5 Ng4 8. Qc1 Nxe5 9. Nxe5 dxe5 10. Bg2 Nc6 11. O-O Bd7 12. Nc3 Nd4 13. e3 Ne6 14. Bxb7 Nc5 15. Bg2 c6 16. Qc2 Rb8 17. Ba3 Qb6 18. Na4 Nxa4 19. Bxf8 Rxf8 20. bxa4 Qc5 21. Rfd1 Be6 22. Bf1 f5 23. Qd2 e4 24. Rab1 Be5 25. Qb4 Qxb4 26. Rxb4 Rf7 27. c5 Kg7 28. Bc4 Bxc4 29. Rxc4 Rb7 30. Rc2 Kf6 31. Rd6+ Bxd6 32. cxd6 Rb6 33. Rd2 Rb8 34. d7 Rd8 35. Rd6+ Ke7 36. Rxc6 Kxd7 37. Ra6 Ra8 38. h4 Kc7 39. h5 Kb7 40. Rf6 Rg8 41. h6 Kc7 42. Rf7+ Kb6 43. Rxh7 a5 44. Rg7 1-0


[Site "https://www.chess.com"]

[Event "Titled Tuesday Blitz March 08 Early 2022"]
[White "Golubka, Petro"]
[Black "Voit, Daria"]
[WhiteFideId "14114224"]
[BlackFideId "4182146"]
[WhiteElo "2346"]
[BlackElo "2323"]
[Result "1-0"]
[Round "07"]
[TimeControl "180+1"]
[Date "2022.03.09"]
[WhiteClock "0:00:17"]
[BlackClock "0:00:04"]

1. e4 c6 2. d4 d5 3. e5 Bf5 4. Nd2 c5 5. dxc5 e6 6. Nb3 Bxc5 7. Nxc5 Qa5+ 8. c3 Qxc5 9. Be3 Qc7 10. Nf3 Ne7 11. Bb5+ Nd7 12. Nd4 O-O 13. f4 Be4 14. O-O Nb6 15. b3 Qxc3 16. Qc1 Qxc1 17. Rfxc1 Rfc8 18. g4 a6 19. Be2 Nd7 20. h4 Nc6 21. Kf2 Nb4 22. Bd2 Nd3+ 23. Bxd3 Bxd3 24. Ke3 Be4 25. h5 Nb6 26. Bb4 Rxc1 27. Rxc1 Rc8 28. Re1 Nd7 29. Kd2 b6 30. Bd6 h6 31. Rg1 Kh7 32. g5 Bf5 33. Nxf5 exf5 34. g6+ Kg8 35. Kd3 Nc5+ 36. Bxc5 bxc5 37. gxf7+ Kxf7 38. Rg6 a5 39. Rd6 c4+ 40. bxc4 dxc4+ 41. Kc3 Rc5 42. a4 Rc8 43. Rd5 Rb8 44. Rxa5 Rb1 45. Ra7+ Ke6 46. Rxg7 Rf1 47. a5 Rxf4 48. a6 Rf3+ 49. Kxc4 Ra3 50. Kb4 Ra2 51. a7 Kxe5 52. Kb5 Ke4 53. Kb6 f4 54. Re7+ Kd3 55. Rd7+ Ke3 56. Re7+ Kd3 57. Rf7 Ke3 58. Rf8 Rb2+ 59. Kc6 Rc2+ 60. Kd5 Rd2+ 61. Ke5 Ra2 62. a8=Q Rxa8 63. Rxa8 f3 64. Ra3+ Ke2 65. Ke4 f2 66. Ra2+ Ke1 67. Ke3 f1=N+ 68. Kf4 1-0


[Site "https://www.chess.com"]

[Event "Titled Tuesday Blitz March 08 Early 2022"]
[White "Goryachkina, Aleksandra"]
[Black "Kuzmin, Roman"]
[WhiteFideId "4147103"]
[BlackFideId "44134932"]
[WhiteElo "2426"]
[BlackElo "1978"]
[Result "1-0"]
[Round "07"]
[TimeControl "180+1"]
[Date "2022.03.09"]
[WhiteClock "0:00:01"]
[BlackClock "0:00:03"]

1. e4 c5 2. Nf3 d6 3. d4 cxd4 4. Nxd4 Nf6 5. Nc3 a6 6. Be3 e5 7. Nf3 Be7 8. Bc4 Be6 9. Bb3 h6 10. O-O O-O 11. h3 Nbd7 12. Nh4 Bxb3 13. axb3 Nxe4 14. Nxe4 Bxh4 15. Qxd6 Be7 16. Qd5 Qc7 17. Rfd1 Rfd8 18. Qc4 Qxc4 19. bxc4 f5 20. Nc3 f4 21. Nd5 Bc5 22. Bxc5 Nxc5 23. f3 Kf7 24. Nb6 Rab8 25. b4 Ne6 26. Nd7 Rbc8 27. Nxe5+ Kf6 28. Nd7+ Ke7 29. Nb6 Rc6 30. c5 Nd4 31. Re1+ Kf7 32. Rad1 a5 33. Nc4 Re6 34. Rxe6 Kxe6 35. Re1+ 1-0


[Site "https://www.chess.com"]

[Event "Titled Tuesday Blitz March 08 Early 2022"]
[White "Guliyev, Namig"]
[Black "Estrada Nieto, Julian"]
[WhiteFideId "13400363"]
[BlackFideId "5101018"]
[WhiteElo "2487"]
[BlackElo "2246"]
[Result "1-0"]
[Round "07"]
[TimeControl "180+1"]
[Date "2022.03.09"]
[WhiteClock "0:00:46"]
[BlackClock "0:00:03"]

1. d4 d5 2. c4 dxc4 3. Nf3 Nf6 4. e3 e6 5. Bxc4 c5 6. O-O a6 7. Nc3 b5 8. Be2 Bb7 9. dxc5 Bxc5 10. Qxd8+ Kxd8 11. Nd2 Nbd7 12. Nb3 Bb4 13. Bd2 Ke7 14. a3 Bxc3 15. Bxc3 Nd5 16. Bd2 Rac8 17. Rfc1 N7f6 18. f3 Rxc1+ 19. Rxc1 Rc8 20. Rxc8 Bxc8 21. e4 Nb6 22. Kf2 Na4 23. Bc1 Kd6 24. Ke3 e5 25. Bd1 Nd7 26. Nd2 Ndc5 27. b3 Nc3 28. Bc2 a5 29. Bb2 b4 30. Nc4+ Ke6 31. Nxa5 Na6 32. Nc6 Na2 33. a4 Bd7 34. Nxe5 Be8 35. Bd3 Nc5 36. Bc4+ Ke7 37. Nd3 Ne6 38. a5 Kd6 39. a6 Kc7 40. Bxe6 fxe6 41. Bxg7 Kb6 42. Bf8 Kxa6 43. Bxb4 Bb5 44. Bd2 Kb6 45. g4 Be8 46. h4 Kc7 47. h5 Kd6 48. e5+ Kd5 49. f4 Bb5 50. g5 Be8 51. g6 Bxg6 52. h6 Bxd3 53. Kxd3 Kc5 54. Ke4 1-0


[Site "https://www.chess.com"]

[Event "Titled Tuesday Blitz March 08 Early 2022"]
[White "Hambleton, Aman"]
[Black "Gombocz, Ferenc Jr."]
[WhiteFideId "2606577"]
[BlackFideId "775029"]
[WhiteElo "2552"]
[BlackElo "1913"]
[Result "1-0"]
[Round "07"]
[TimeControl "180+1"]
[Date "2022.03.09"]
[WhiteClock "0:00:09"]
[BlackClock "0:00:10"]

1. d4 d5 2. c4 c6 3. Nf3 Nf6 4. e3 Bf5 5. Nc3 a6 6. cxd5 cxd5 7. Qb3 Ra7 8. Bd2 Nc6 9. Rc1 e6 10. Na4 Bd6 11. Be2 O-O 12. Nc5 Bxc5 13. Rxc5 Ne4 14. Rc1 Nxd2 15. Nxd2 e5 16. dxe5 Nxe5 17. Qc3 Qd6 18. O-O Raa8 19. Nb3 Rac8 20. Qd2 Ng4 21. Bxg4 Bxg4 22. Rxc8 Rxc8 23. Rc1 Rxc1+ 24. Qxc1 g6 25. Nd4 Bd7 26. Qc3 b6 27. a3 Qc5 28. Ne2 Qxc3 29. Nxc3 Bc6 30. Kf1 Kf8 31. f3 Ke7 32. Ke2 Kd6 33. Kd3 Ke5 34. f4+ Kd6 35. Kd4 f6 36. h4 h5 37. b4 b5 38. Nd1 Bd7 39. Nc3 Bc6 40. g3 Bb7 41. Nb1 Bc6 42. Nd2 Bb7 43. Nb3 Bc8 44. Nc5 f5 45. Nd3 Bd7 46. Ne5 Be8 47. Kc3 Ke6 48. Nf3 Bd7 49. Ne1 Kd6 50. Nd3 Ke7 51. Nc5 Bc8 52. Kd3 Kd6 53. Kd4 Kc6 54. Ke5 a5 55. Nb3 axb4 56. axb4 Bd7 57. Nd4+ Kb6 58. Kf6 Be8 59. Ke7 Bc6 60. Kf7 Bd7 61. Kxg6 Be8+ 62. Kxf5 1-0


[Site "https://www.chess.com"]

[Event "Titled Tuesday Blitz March 08 Early 2022"]
[White "Dronavalli, Harika"]
[Black "Vasquez Schroeder, Rodrigo"]
[WhiteFideId "5015197"]
[BlackFideId "3400042"]
[WhiteElo "2382"]
[BlackElo "2561"]
[Result "1/2-1/2"]
[Round "07"]
[TimeControl "180+1"]
[Date "2022.03.08"]
[WhiteClock "0:00:26"]
[BlackClock "0:01:09"]

1. d4 Nf6 2. Nf3 e6 3. Bf4 d5 4. e3 Bd6 5. Nbd2 O-O 6. c3 c5 7. Bd3 Qc7 8. Bxd6 Qxd6 9. Ne5 Nbd7 10. f4 b6 11. O-O a5 12. Qe2 Nb8 13. g4 Ba6 14. g5 Bxd3 15. Qxd3 Nfd7 16. Ndf3 f6 17. gxf6 gxf6 18. Nxd7 Nxd7 19. Kh1 Kh8 20. Rg1 Rg8 21. Rxg8+ Rxg8 22. Rg1 Rxg1+ 23. Kxg1 c4 24. Qe2 b5 25. a3 b4 26. axb4 axb4 27. h3 bxc3 28. bxc3 Qa3 29. Qc2 Nb6 30. f5 Qd6 31. fxe6 Qxe6 32. Kf2 Nc8 33. Qb2 Qxh3 34. Qb8 Qd7 35. Qf4 Qd6 36. Qg4 Ne7 37. Nh4 Qh2+ 38. Kf1 Qd6 39. Nf5 Nxf5 40. Qxf5 Kg7 41. Qg4+ Kf8 42. Qh5 Qd7 43. Qh6+ Qg7 44. Qh1 Qf7 45. Qh6+ Kg8 46. Kf2 Qg6 47. Qf4 Qe4 48. Qxf6 Qg6 49. Qxg6+ hxg6 50. e4 dxe4 51. Ke3 Kf7 52. Kxe4 Ke6 53. Kf4 Kf6 54. Kg4 g5 55. Kg3 Kf5 56. Kf3 g4+ 57. Ke3 Kg5 58. Ke2 Kf4 59. Kf2 Ke4 60. Kg3 Kf5 61. Kg2 Ke4 62. Kg3 Kf5 63. d5 Ke5 64. Kxg4 Kxd5 65. Kf4 Kd6 66. Ke4 Ke6 67. Kd4 Kd6 68. Kxc4 Kc6 69. Kd4 Kd6 70. c4 Kc6 71. c5 Kc7 72. Kc4 Kc6 73. Kb4 Kc7 74. Kb5 Kb7 75. Kc4 Kc6 76. Kd4 Kc7 77. Kc3 Kc6 78. Kc4 Kc7 79. Kd5 Kd7 80. c6+ Kc7 81. Kc5 Kc8 82. Kd6 Kd8 83. c7+ Kc8 84. Kc6 1/2-1/2


[Site "https://www.chess.com"]

[Event "Titled Tuesday Blitz March 08 Early 2022"]
[White "Heinemann, Josefine"]
[Black "Borodavkin, Anatoly"]
[WhiteFideId "12900460"]
[BlackFideId "14150662"]
[WhiteElo "2300"]
[BlackElo "1845"]
[Result "1/2-1/2"]
[Round "07"]
[TimeControl "180+1"]
[Date "2022.03.09"]
[WhiteClock "0:00:47"]
[BlackClock "0:00:48"]

1. e4 e5 2. Nf3 Nf6 3. d4 Nxe4 4. Bd3 d5 5. Nxe5 Bd6 6. O-O O-O 7. Nc3 Nxc3 8. bxc3 Nd7 9. Nxd7 Bxd7 10. Rb1 b6 11. Be3 c6 12. Qh5 f5 13. Bg5 Qe8 14. Qxe8 Raxe8 15. Rfe1 g6 16. h4 Rxe1+ 17. Rxe1 Re8 18. Rxe8+ Bxe8 19. g3 Bd7 20. Kg2 Kf7 21. f3 c5 22. dxc5 Bxc5 23. c4 dxc4 24. Bxc4+ Be6 25. Bb3 Bxb3 26. cxb3 Ke6 27. Kf1 Kd5 28. Ke2 Bd6 29. g4 fxg4 30. fxg4 Ke4 31. Bc1 Bg3 32. h5 gxh5 33. gxh5 Bd6 34. Bd2 Be5 35. Bg5 Bd4 36. Bd2 Be5 37. Bg5 Bd4 38. Bd2 Be5 1/2-1/2


[Site "https://www.chess.com"]